 Dungeon Crawl Stone Soup version 0.23-a0-29-g1be82e5 (webtiles) character file.

35364 glosham the Thaumaturge (level 14, -16/68 HPs)
             Began as a Kobold Fire Elementalist on Aug 2, 2018.
             Was a High Priest of Vehumet.
             Demolished by a torpor snail (23 damage)
             ... on level 5 of the Lair of Beasts on Aug 3, 2018.
             The game lasted 04:52:30 (10940 turns).

glosham the Thaumaturge (Kobold Fire Elementalist) Turns: 10940, Time: 04:52:32

Health: -16/68     AC:  8    Str:  5    XL:     14   Next: 18%
Magic:  10/49      EV: 15    Int: 21    God:    Vehumet [*****.]
Gold:   940        SH:  0    Dex: 16    Spells: 22/39 levels left

rFire    . . .     SeeInvis .   a - +3 scimitar (elec)
rCold    . . .     Gourm    .   (shield restricted)
rNeg     . . .     Faith    .   X - +1 robe {rC+}
rPois    .         Spirit   .   U - +1 helmet "Wofoemeixi" {+Blink rC- MP+9}
rElec    .         Reflect  .   Y - +0 cloak
rCorr    .         Harm     .   V - +0 pair of gloves
MR       +....                  W - +0 pair of boots
Stlth    ++........             z - amulet of rage
HPRegen  0.21/turn              A - ring of magical power
MPRegen  0.31/turn              B - +3 ring of slaying

@: slowed, very slow
A: small, carnivore
a: Renounce Religion, Evoke Blink, Evoke Berserk Rage


You were on level 5 of the Lair of Beasts.
You worshipped Vehumet.
Vehumet was extremely pleased with you.
You were not hungry.

You visited 3 branches of the dungeon, and saw 16 of its levels.

You collected 1130 gold pieces.
You spent 190 gold pieces at shops.

Inventory:

Hand Weapons
 a - a +3 scimitar of electrocution (weapon)
 b - a +3 scimitar of flaming
Armour
 x - the cursed +1 chain mail "Lutro" {rElec rF- Int+3, unknown}
   (You found it on level 4 of the Lair of Beasts)

   It affects your intelligence (+3).
   It makes you vulnerable to fire.
   It insulates you from electricity.
   It has a curse placed upon it.
 L - a +3 leather armour of magic resistance
 T - a +2 hat of see invisible
 U - the +1 helmet "Wofoemeixi" (worn) {+Blink rC- MP+9}
   (You found it on level 6 of the Dungeon)

   It makes you vulnerable to cold.
   It affects your magic capacity (+9).
   It lets you blink.
 V - a +0 pair of gloves (worn)
 W - a +0 pair of boots (worn)
 X - a +1 robe of cold resistance (worn)
 Y - a +0 cloak (worn)
Magical Staves
 c - an uncursed staff of poison
Jewellery
 z - an amulet of rage (around neck)
 A - a ring of magical power (left hand)
 B - a +3 ring of slaying (right hand)
 F - an uncursed ring of flight
 M - an uncursed ring of protection from magic
 N - an uncursed ring of positive energy
 O - an uncursed ring of positive energy
 P - an uncursed ring of poison resistance
 Z - an uncursed ring of wizardry
Wands
 i - a wand of flame (76)
 j - a wand of acid (6)
 D - a wand of disintegration (17)
 G - a wand of polymorph (8)
Scrolls
 k - 4 scrolls of teleportation
 l - 2 scrolls of blinking
 m - 4 scrolls of fog
 o - 3 scrolls of remove curse
 y - 3 scrolls of magic mapping
Potions
 d - a potion of berserk rage {unknown}
 f - 2 potions of cancellation
 g - a potion of ambrosia {unknown}
 h - a potion of resistance
 n - 2 potions of brilliance
 p - 4 potions of invisibility
 q - 2 potions of lignification
 r - 4 potions of curing
 s - 3 potions of agility
 t - 2 potions of magic
 u - 4 potions of heal wounds
 v - 4 potions of might
 w - 2 potions of haste
 E - a potion of flight
Comestibles
 e - 36 rations
 C - 4 chunks of flesh


   Skills:
 - Level 2.4 Dodging
 - Level 2.6 Stealth
 * Level 13.4 Spellcasting
 * Level 13.3 Conjurations
 * Level 13.3 Fire Magic


You had 22 spell levels left.
You knew the following spells:

 Your Spells              Type           Power        Failure   Level  Hunger
f - Conjure Flame         Conj/Fire      ######..     1%          3    None
i - Iskenderun's Mystic   Conj           ######..     1%          4    None
w - Fireball              Conj/Fire      ######....   1%          5    ###....
x - Flame Tongue          Conj/Fire      #####        0%          1    None
z - Sticky Flame          Conj/Fire      ######..     1%          4    None

Your spell library contained the following spells:

 Spells                   Type           Power        Failure   Level  Hunger
 Throw Flame              Conj/Fire      ######       1%          2    None
 Inner Flame              Hex/Fire       #####...     1%          3    None


Dungeon Overview and Level Annotations

Branches:
Dungeon (10/15)            Temple (1/1) D:6            Lair (5/6) D:10
  Swamp (0/4) Lair:3        Snake (0/4) Lair:2
  Slime: Lair:5-6       Orc: D:9-12

Altars:
Ashenzari
Cheibriados
Elyvilon
Hepliaklqana
Nemelex Xobeh
Okawaru
Qazlal
Ru
Trog
Vehumet
Wu Jian
Xom
Yredelemnul
Zin

Shops:
D:5 :   D:8 [[(

Portals:
Trove: D:10 (give 2 scrolls of acquirement)

Annotations:
D:5 5 runed doors


Innate Abilities, Weirdness & Mutations

You are small and have problems with some larger weapons.
You are carnivorous and can eat meat at any time.


Message History

The fireball engulfs the plant.
The plant is moderately damaged.
You hear an angry hiss.
Some of the chunks of flesh in your inventory have rotted away.
There is a stone staircase leading up here.
You climb upwards.
There is a stone staircase leading down here.
Okay, then.
Unknown command.
You are feeling hungry.
Eat one of 5 chunks of flesh? (ye/n/q)
You eat one of the 5 chunks of flesh.
This raw flesh tastes great.
(D) Dungeon (T) Temple (L) Lair (S) Swamp (P) Snake Pit
Where to? (* - list waypoints, Enter - Lair:4 @ (x,y), ? - help)
There is a stone staircase leading down here.
You climb downwards.
A torpor snail comes into view.
Being near the torpor snail leaves you feeling lethargic.
There is a stone staircase leading up here.
Casting: Fireball (safe; 1% risk of failure)
Confirm with . or Enter, or press ? or * to list all spells.
Aiming: Sticky Flame (safe; 1% risk of failure)
Press: ? - help, Shift-Dir - straight line, f - torpor snail
Aim: a torpor snail (hasn't noticed you)
The sticky flame hits the torpor snail.
The torpor snail is lightly wounded.
The torpor snail is covered in liquid flames!
The torpor snail burns!
The torpor snail bites you!
* * * LOW HITPOINT WARNING * * *
The torpor snail burns! x2
The torpor snail burns!
The torpor snail burns! x2
The torpor snail burns!
The torpor snail burns! x2; The torpor snail stops burning.
Adjust (i)tems, (s)pells, or (a)bilities?
Adjust which ability?
No such ability.
You blink.
You feel slightly more hungry. The torpor snail bites you!!
You die...

....w...............##...........
....................P##..........
.......#..........>..#.........#P
#...>.#.#.............#.......###
#..#..##.............##.......##
####.P###............##..###...#
#.###............##P..##...## #..
##....†......P#...####..#
...###.....<.@w.§....## #..≈##
....P.............########..≈≈
P...P............## #≈≈#≈≈≈≈
....)....P.....P## #≈≈≈≈≈≈
...............P# #≈≈≈≈≈≈≈≈≈
...............## ##≈≈≈≈≈≈≈≈
...............# #≈≈≈≈≈≈≈≈
.........#.....# #≈≈≈≈≈≈≈≈
.......#.......# #≈≈≈≈≈≈≈≈


You could see a torpor snail.

Vanquished Creatures
  Gastronok (Lair:2)
  Snorg (D:10)
  3 hydras
  Erica (D:9)
  7 two-headed ogres
  A moth of wrath (Lair:5)
  Joseph (D:8)
  A black mamba (Lair:2)
  4 torpor snails (Lair:1)
  6 spiny frogs
  A centaur skeleton (D:10)
  7 rime drakes
  2 polar bears (Lair:4)
  A troll (D:9)
  Grinder (D:6)
  7 tyrant leeches (Lair:5)
  3 blink frogs (Lair:1)
  A merfolk (D:9)
  6 dream sheep (Lair:5)
  16 hippogriffs
  12 yaks
  4 basilisks
  8 wyverns
  7 vampire mosquitoes
  A hungry ghost (D:7)
  4 swamp worms (Lair:5)
  A hell hound (Lair:4)
  9 water moccasins
  15 porcupines
  5 orc warriors
  4 phantoms
  A black bear (D:10)
  A sky beast (D:7)
  4 ice beasts
  6 ogres
  3 centaurs
  6 wolves (Lair:2)
  6 crocodiles
  2 big kobolds
  8 bullfrogs
  A water moccasin zombie (D:8)
  A scorpion (D:7)
  5 killer bees (D:7)
  3 howler monkeys (D:9)
  5 wights (D:8)
  3 electric eels
  A bullfrog zombie (D:9)
  A centaur zombie (D:7)
  5 crimson imps
  3 jellies
  A quasit (D:6)
  4 hounds
  5 orc priests
  6 orc wizards
  Jessica (D:3)
  2 iguanas (D:9)
  6 worker ants
  2 hound zombies (D:5)
  2 worker ant zombies (D:7)
  A howler monkey skeleton (D:9)
  17 adders
  An ooze (D:2)
  A worm (D:3)
  2 dart slugs
  2 leopard geckos
  25 orcs
  7 giant cockroaches
  5 goblins
  5 hobgoblins
  A quokka (D:6)
  2 ball pythons (Lair:2)
  7 bats
  A jackal zombie (D:9)
  14 kobolds
  A quokka zombie (D:6)
  7 rats
  3 plants (Lair:5)
337 creatures vanquished.

Vanquished Creatures (others)
  38 fungi (D:10)
  26 plants
64 creatures vanquished.

Grand Total: 401 creatures vanquished

Notes
Turn   | Place    | Note
-------+----------+-------------------------------------------
     0 | D:1      | glosham the Kobold Fire Elementalist began the quest for the Orb.
     0 | D:1      | Reached XP level 1. HP: 10/10 MP: 3/3
   165 | D:3      | Reached XP level 2. HP: 15/15 MP: 1/5
   175 | D:3      | Noticed Jessica
   228 | D:1      | Reached skill level 2 in Conjurations
   358 | D:3      | Reached XP level 3. HP: 19/19 MP: 5/7
   487 | D:2      | Reached skill level 3 in Spellcasting
   492 | D:2      | Learned a level 3 spell: Conjure Flame
   499 | D:2      | Reached XP level 4. HP: 17/24 MP: 1/8
   582 | D:3      | Killed Jessica
   582 | D:3      | Reached skill level 3 in Conjurations
   588 | D:3      | Learned a level 4 spell: Sticky Flame
   927 | D:4      | Reached XP level 5. HP: 23/28 MP: 4/10
  1292 | D:4      | Reached skill level 4 in Spellcasting
  1352 | D:5      | Entered Level 5 of the Dungeon
  1352 | D:5      | Found a runed door.
  1352 | D:5      | Noticed a water moccasin
  1376 | D:5      | Reached XP level 6. HP: 7/32 MP: 7/12
  1606 | D:5      | HP: 3/32 [crimson imp (3)]
  1648 | D:2      | Found an iron altar of Okawaru.
  1857 | D:1      | Reached skill level 4 in Conjurations
  2112 | D:2      | Found a sacrificial altar of Ru.
  2119 | D:2      | Reached skill level 4 in Fire Magic
  2190 | D:2      | Found a glowing silver altar of Zin.
  2274 | D:2      | Found a faded altar of an unknown god.
  2327 | D:5      | Noticed a water moccasin
  2332 | D:5      | Found a runed gate.
  2332 | D:5      | Noticed a water moccasin
  2334 | D:5      | Found a runed gate.
  2334 | D:5      | Found a runed gate.
  2336 | D:5      | Noticed a soldier ant
  2336 | D:5      | Noticed a soldier ant
  2336 | D:5      | Noticed a soldier ant
  2336 | D:5      | Noticed a soldier ant
  2342 | D:5      | Found a runed door.
  2443 | D:5      | Reached XP level 7. HP: 26/36 MP: 9/13
  2484 | D:5      | Learned a level 5 spell: Fireball
  2518 | D:5      | Found the +9 staff of Olgreb {rPois}
  2598 | D:5      | Found Enaottad's Book Shoppe.
  2711 | D:5      | Reached skill level 5 in Spellcasting
  2775 | D:5      | Found a bloodstained altar of Trog.
  2833 | D:6      | Reached skill level 5 in Conjurations
  2839 | D:6      | Reached skill level 5 in Fire Magic
  2872 | D:6      | Found a white marble altar of Elyvilon.
  2920 | D:6      | Found a staircase to the Ecumenical Temple.
  2928 | D:6      | Reached XP level 8. HP: 33/41 MP: 16/16
  2944 | Temple   | Entered the Ecumenical Temple
  2958 | Temple   | Became a worshipper of Vehumet
  3169 | D:6      | Noticed Grinder
  3175 | D:6      | Killed Grinder
  3175 | D:6      | Reached skill level 6 in Spellcasting
  3238 | D:6      | Noticed a two-headed ogre
  3244 | D:6      | HP: 1/41 [two-headed ogre/giant club (14)]
  3248 | D:6      | Killed a two-headed ogre
  3248 | D:6      | Reached skill level 7 in Spellcasting
  3248 | D:6      | Reached skill level 6 in Conjurations
  3248 | D:6      | Reached skill level 6 in Fire Magic
  3248 | D:6      | Reached XP level 9. HP: 2/45 MP: 19/19
  3551 | D:6      | Reached skill level 7 in Conjurations
  3554 | D:6      | Got a distressingly furry helmet
  3607 | D:6      | Found a shattered altar of Ashenzari.
  3607 | D:6      | Found a basalt altar of Yredelemnul.
  3622 | D:6      | Reached skill level 7 in Fire Magic
  3757 | D:6      | Identified the +1 helmet "Wofoemeixi" {+Blink rC- MP+9} (You found it on level 6 of the Dungeon)
  4170 | D:7      | Found a shimmering altar of Xom.
  4301 | D:7      | Reached * piety under Vehumet
  4301 | D:7      | Offered knowledge of Sandblast by Vehumet.
  4558 | D:7      | Found a sparkling altar of Nemelex Xobeh.
  4565 | D:7      | Reached skill level 8 in Spellcasting
  4565 | D:7      | Reached XP level 10. HP: 34/50 MP: 22/22
  4572 | D:7      | Reached skill level 8 in Conjurations
  4574 | D:7      | Reached skill level 8 in Fire Magic
  4744 | D:8      | Found Okentamp's Armour Shoppe.
  4772 | D:8      | Bought a +1 robe of cold resistance for 190 gold pieces
  4862 | D:8      | Noticed a two-headed ogre
  4868 | D:8      | Killed a two-headed ogre
  5039 | D:8      | Noticed Joseph
  5049 | D:8      | Killed Joseph
  5049 | D:8      | Reached skill level 9 in Spellcasting
  5051 | D:8      | Noticed a two-headed ogre
  5061 | D:8      | Killed a two-headed ogre
  5061 | D:8      | Reached skill level 9 in Conjurations
  5061 | D:8      | Reached skill level 9 in Fire Magic
  5164 | D:8      | Found Etuel's Antique Weapon Shop.
  5423 | D:8      | Found Dauduasy's Antique Armour Boutique.
  5430 | D:8      | Reached XP level 11. HP: 54/54 MP: 24/24
  5432 | D:8      | Noticed a two-headed ogre
  5442 | D:8      | Killed a two-headed ogre
  5499 | D:8      | Reached ** piety under Vehumet
  5563 | D:8      | Offered knowledge of Freeze by Vehumet.
  5749 | D:9      | Found an ornate altar of the Wu Jian Council.
  5777 | D:9      | Noticed Erica
  5781 | D:9      | Killed Erica
  5781 | D:9      | Reached skill level 10 in Spellcasting
  5926 | D:9      | Found a hazy altar of Hepliaklqana.
  5949 | D:9      | Found a stormy altar of Qazlal.
  5996 | D:9      | Noticed a two-headed ogre
  6010 | D:9      | Killed a two-headed ogre
  6010 | D:9      | Reached skill level 10 in Conjurations
  6010 | D:9      | Reached skill level 10 in Fire Magic
  6079 | D:9      | Found a shimmering altar of Xom.
  6143 | D:9      | Found a shimmering altar of Xom.
  6265 | D:9      | Found a shimmering altar of Xom.
  6284 | D:9      | Noticed a two-headed ogre
  6389 | D:9      | Offered knowledge of Stone Arrow by Vehumet.
  6427 | D:9      | Killed a two-headed ogre
  6451 | D:10     | Entered Level 10 of the Dungeon
  6671 | D:10     | Noticed a two-headed ogre
  6684 | D:10     | Killed a two-headed ogre
  6684 | D:10     | Reached *** piety under Vehumet
  6684 | D:10     | Reached XP level 12. HP: 59/59 MP: 26/26
  6748 | D:10     | Found a portal to a secret trove of treasure.
  6893 | D:10     | Noticed Snorg
  6903 | D:10     | Killed Snorg
  6903 | D:10     | Reached skill level 11 in Spellcasting
  6903 | D:10     | Reached skill level 11 in Conjurations
  6927 | D:10     | Reached skill level 11 in Fire Magic
  6952 | D:10     | Offered knowledge of Iskenderun's Mystic Blast by Vehumet.
  6958 | D:10     | Learned a level 4 spell: Iskenderun's Mystic Blast
  7103 | D:10     | Found a staircase to the Lair.
  7231 | Lair:1   | Entered Level 1 of the Lair of Beasts
  7250 | Lair:1   | Noticed an eight-headed hydra
  7320 | Lair:1   | Killed an eight-headed hydra
  7479 | Lair:1   | Found a snail-covered altar of Cheibriados.
  8280 | Lair:2   | Noticed Gastronok
  8293 | Lair:2   | Killed Gastronok
  8293 | Lair:2   | Reached **** piety under Vehumet
  8293 | Lair:2   | Reached skill level 12 in Spellcasting
  8293 | Lair:2   | Reached skill level 12 in Conjurations
  8293 | Lair:2   | Reached XP level 13. HP: 28/63 MP: 8/29
  8299 | Lair:2   | Offered knowledge of Irradiate by Vehumet.
  8404 | Lair:1   | Reached skill level 12 in Fire Magic
  8806 | Lair:2   | Found a staircase to the Snake Pit.
  8977 | Lair:3   | Upgraded the game from 0.23-a0-14-g8c9a20f to 0.23-a0-29-g1be82e5
  9233 | Lair:3   | Found a staircase to the Swamp.
  9645 | Lair:4   | Noticed an eight-headed hydra
  9656 | Lair:4   | Killed an eight-headed hydra
  9661 | Lair:4   | Reached ***** piety under Vehumet
  9838 | Lair:4   | Offered knowledge of Freezing Cloud by Vehumet.
  9990 | Lair:4   | Reached skill level 13 in Spellcasting
 10173 | Lair:4   | Got a steaming chain mail
 10288 | Lair:4   | Reached skill level 13 in Conjurations
 10348 | Lair:4   | Reached skill level 13 in Fire Magic
 10386 | Lair:4   | Noticed a four-headed hydra
 10416 | Lair:4   | Killed a four-headed hydra
 10602 | Lair:5   | Noticed an eight-headed hydra
 10687 | Lair:5   | Reached XP level 14. HP: 68/68 MP: 31/31
 10934 | Lair:5   | HP: 5/68 [torpor snail (17)]
 10940 | Lair:5   | Demolished by a torpor snail

Vault maps used:
D:1:      dpeg_arrival_concentric_ovals, minmay_misc_feat_doors
D:2:      nicolae_ru_great_annihilating_truth, zin_statuary,
          chequers_ecumenical_altar_lobes, okawaru_metal_pillars_3
D:3:      first_ration, uniq_jessica
D:5:      overflow_temple_1_default, serial_shops, shop_fountains,
          minmay_guarded_unrand_staff_of_olgreb
D:6:      minmay_cornered_nines, lemuel_round_altar,
          gammafunk_temple_overflow_wave, temple_green, uniq_grinder
D:7:      lemuel_crystal_altar, basic_altar
D:8:      serial_shops, nicolae_shop_temple_entry_statues_fountains,
          nicolae_shop_trees, nicolae_shop_waterfront, uniq_joseph
D:9:      nicolae_qazlal_general_emergency, overflow_temple_1_default,
          xom_redecorated, kennysheep_little_box, hangedman_fish_farm,
          uniq_erica
D:10:     due_lair_maze_entry_diamond, enter_trove_3, uniq_snorg
Temple:   minmay_temple_curvy_loop
Lair:1:   kennysheep_snail_temple
Lair:2:   minmay_snake_entry_six_corridors, uniq_gastronok
Lair:3:   minmay_swamp_entry_swarm, serial_bayou_lagoon_a,
          infiniplex_staircase_pool_2, lemuel_fruit_tree, grunt_megastairs_4,
          lemuel_fruit_fields
Lair:4:   special_room, serial_bayou_shore_a
Lair:5:   pond_and_an_island_with_a_cottage, worms_lemuel

Skill      XL: |  1  2  3  4  5  6  7  8  9 10 11 12 13 |
---------------+----------------------------------------+-----
Conjurations   | 2 3 4 5 6 7 9 10 12 13 | 13.3
Spellcasting   | 3 4 5 7 8 9 10 12 13 | 13.4
Fire Magic     | 4 5 6 7 9 10 11 13 | 13.3
Dodging        | |  2.4
Stealth        | |  2.6

Action                   |  1- 3 |  4- 6 |  7- 9 | 10-12 | 13-15 || total
-------------------------+-------+-------+-------+-------+-------++-------
Melee: Dagger            |    48 |       |     9 |   150 |       ||   207
       Broad axe         |       |   149 |    51 |     2 |       ||   202
       Scimitar          |       |       |       |    21 |    31 ||    52
Throw: Tomahawk          |       |       |     4 |       |       ||     4
 Cast: Flame Tongue      |    21 |    34 |    64 |   116 |    92 ||   327
       Sticky Flame      |       |     9 |    33 |    73 |    65 ||   180
       Fireball          |       |       |     1 |    51 |    35 ||    87
       Conjure Flame     |       |       |     1 |    18 |    21 ||    40
       Iskenderun's Myst |       |       |       |       |    24 ||    24
 Abil: Evoke Flight      |       |       |       |     1 |     1 ||     2
       Evoke Blink       |       |       |       |     1 |     2 ||     3
Evoke: Wand              |       |       |    19 |    17 |     1 ||    37
  Use: Scroll            |     2 |     7 |     5 |     7 |     8 ||    29
       Potion            |       |       |       |     2 |       ||     2
 Stab: Sleeping          |     3 |     5 |     1 |     3 |       ||    12
       Paralysed         |       |     2 |       |     1 |       ||     3
       Confused          |       |       |       |     2 |       ||     2
  Eat: Chunk             |       |     7 |    12 |    24 |    14 ||    57
Armor: Robe              |     5 |    31 |    24 |    79 |    22 ||   161
Dodge: Dodged            |    26 |   165 |    76 |   155 |    73 ||   495
       Rpst.: Scimitar   |       |       |       |     8 |    23 ||    31

Table legend:
 A = Spawn XP
 B = Non-spawn XP
 C = Spawn XP percentage of total XP
 D = Spawn monster count
 E = Non-spawn monster count
 F = Spawn count percentage of total count
 G = Total turns spent on level
                    A         B        C        D         E        F      G
               +---------+---------+-------+---------+---------+-------+---------
         Total |       0 |   50520 |   0.0 |       0 |     334 |   0.0 | 10940
               +---------+---------+-------+---------+---------+-------+---------
           D:1 |       0 |      25 |   0.0 |       0 |      15 |   0.0 |   398
           D:2 |       0 |     108 |   0.0 |       0 |      17 |   0.0 |   563
           D:3 |       0 |      90 |   0.0 |       0 |      15 |   0.0 |   649
           D:4 |       0 |     135 |   0.0 |       0 |       9 |   0.0 |   599
           D:5 |       0 |     479 |   0.0 |       0 |      15 |   0.0 |   838
           D:6 |       0 |    1918 |   0.0 |       0 |      14 |   0.0 |   774
           D:7 |       0 |    1668 |   0.0 |       0 |      30 |   0.0 |   897
           D:8 |       0 |    4543 |   0.0 |       0 |      33 |   0.0 |   956
           D:9 |       0 |    4448 |   0.0 |       0 |      25 |   0.0 |   829
          D:10 |       0 |    5898 |   0.0 |       0 |      35 |   0.0 |   705
        Lair:1 |       0 |    6250 |   0.0 |       0 |      23 |   0.0 |  1111
        Lair:2 |       0 |    5246 |   0.0 |       0 |      21 |   0.0 |   631
        Lair:3 |       0 |    4797 |   0.0 |       0 |      23 |   0.0 |   622
        Lair:4 |       0 |    9752 |   0.0 |       0 |      37 |   0.0 |  1034
        Lair:5 |       0 |    5163 |   0.0 |       0 |      22 |   0.0 |   308
               +---------+---------+-------+---------+---------+-------+---------

Table legend:
 A = Turns spent in this place as a percentage of turns spent in the entire game.
 B = Non-inter-level travel turns spent in this place as a percentage of non-inter-level travel turns spent in the entire game.
 C = Inter-level travel turns spent in this place as a percentage of turns spent in this place.
 D = Turns resting spent in this place as a percentage of non-inter-level travel turns spent in this place.
 E = Turns spent auto-exploring this place as a percentage of non-inter-level travel turns spent in this place.
 F = Non-inter-level travel turns spent in this place divided by the number of levels of this place that you've seen.
                   A       B       C       D       E      F
               +-------+-------+-------+-------+-------+----------------------
         Total | 100.0 | 100.0 |   7.5 |   0.1 |   0.0 | 632.3
       Dungeon |  65.9 |  64.7 |   9.2 |   0.2 |   0.0 | 654.3
        Temple |   0.2 |   0.3 |   0.0 |   0.0 |   0.0 |  26.0
          Lair |  33.9 |  35.1 |   4.3 |   0.0 |   0.0 | 709.6
               +-------+-------+-------+-------+-------+----------------------

Table legend:
 A = Kills in this place as a percentage of kills in entire the game.
 B = Kills by you in this place as a percentage of kills by you in the entire game.
 C = Kills by friends in this place as a percentage of kills by friends in the entire game.
 D = Other kills in this place as a percentage of other kills in the entire game.
 E = Experience gained in this place as a percentage of experience gained in the entire game.
 F = Experience gained in this place divided by the number of levels of this place that you have seen.
                   A       B       C       D       E      F
               +-------+-------+-------+-------+-------+----------------------
         Total | 100.0 | 100.0 |   N/A |   N/A | 100.0 | 3157.5
       Dungeon |  62.3 |  62.3 |   N/A |   N/A |  38.2 | 1931.2
          Lair |  37.7 |  37.7 |   N/A |   N/A |  61.8 | 6241.6
               +-------+-------+-------+-------+-------+----------------------

Vault maps used:
D:1:      dpeg_arrival_concentric_ovals, minmay_misc_feat_doors
D:2:      nicolae_ru_great_annihilating_truth, zin_statuary,
          chequers_ecumenical_altar_lobes, okawaru_metal_pillars_3
D:3:      first_ration, uniq_jessica
D:5:      overflow_temple_1_default, serial_shops, shop_fountains,
          minmay_guarded_unrand_staff_of_olgreb
D:6:      minmay_cornered_nines, lemuel_round_altar,
          gammafunk_temple_overflow_wave, temple_green, uniq_grinder
D:7:      lemuel_crystal_altar, basic_altar
D:8:      serial_shops, nicolae_shop_temple_entry_statues_fountains,
          nicolae_shop_trees, nicolae_shop_waterfront, uniq_joseph
D:9:      nicolae_qazlal_general_emergency, overflow_temple_1_default,
          xom_redecorated, kennysheep_little_box, hangedman_fish_farm,
          uniq_erica
D:10:     due_lair_maze_entry_diamond, enter_trove_3, uniq_snorg
Temple:   minmay_temple_curvy_loop
Lair:1:   kennysheep_snail_temple
Lair:2:   minmay_snake_entry_six_corridors, uniq_gastronok
Lair:3:   minmay_swamp_entry_swarm, serial_bayou_lagoon_a,
          infiniplex_staircase_pool_2, lemuel_fruit_tree, grunt_megastairs_4,
          lemuel_fruit_fields
Lair:4:   special_room, serial_bayou_shore_a
Lair:5:   pond_and_an_island_with_a_cottage, worms_lemuel
